 Dungeon Crawl Stone Soup version 0.25-a0-251-g572059c536 (webtiles) character file.

Game seed: 10443141024172825625, levelgen mode: classic

9095 Borgoz the Fighter (level 11, -6/111 HPs)
             Began as a Gargoyle Fighter on Dec 4, 2019.
             Was a Believer of Ashenzari.
             Mangled by an ice dragon (9 damage)
             ... in an ice cave.
             The game lasted 00:24:02 (11611 turns).

Borgoz the Fighter (Gargoyle Fighter)              Turns: 11611, Time: 00:24:03

Health: -6/111     AC: 25    Str: 25    XL:     11   Next: 41%
Magic:  18/18      EV: 10    Int: 15    God:    Ashenzari [**....]
Gold:   552        SH:  0    Dex: 10    Spells: 20/20 levels left

rFire    . . .     SeeInvis .   C - +0 great sword (curse)
rCold    . . .     Gourm    .   (shield currently unavailable)
rNeg     + . .     Faith    .   b - +1 scale mail
rPois    ∞         Spirit   .   k - +2 helmet {Int+3}
rElec    +         Reflect  .   (no cloak)
rCorr    .         Harm     .   (no gloves)
MR       .....                  (no boots)
Stlth    ..........             y - amulet of rage
HPRegen  0.28/turn              i - +3 ring of protection
MPRegen  0.16/turn              B - +3 ring of intelligence

@: berserking (expiring), very quick
A: rugged brown scales 1, clumsy 1, negative energy resistance 1, electricity
resistance, unbreathing, petrification resistance, rot immunity, AC +8
a: Curse Item, Scrying, Renounce Religion, Evoke Berserk Rage


You were in an ice cave.
You worshipped Ashenzari.
Ashenzari was pleased with you.
You were not hungry.

You visited 2 branches of the dungeon, and saw 12 of its levels.
You also visited: Ossuary and Ice Cave.

You collected 552 gold pieces.

Inventory:

Hand Weapons
 a - a +1 long sword
 C - a cursed +0 great sword (weapon)
Armour
 b - a +1 scale mail (worn)
 c - a +0 shield
 d - the +2 ratskin cloak {+Rats rPois rN+ Str-1 Int-1 Dex+1}
   (You found it on level 7 of the Dungeon)

   It affects your strength (-1).
   It affects your intelligence (-1).
   It affects your dexterity (+1).
   It protects you from poison.
   It protects you from negative energy.
 k - a +2 helmet of intelligence (worn)
Jewellery
 i - a +3 ring of protection (left hand)
 x - an uncursed ring of fire
 y - an amulet of rage (around neck)
 B - a +3 ring of intelligence (right hand)
Wands
 g - a wand of paralysis (5)
 h - a wand of acid (8)
 v - a wand of enslavement (6)
 w - a wand of random effects (9)
 E - a wand of iceblast (10)
 F - a wand of polymorph (9)
Scrolls
 e - a scroll of fog
 l - a scroll of fear
 q - a scroll of blinking
 r - 3 scrolls of remove curse
 s - 4 scrolls of teleportation
Potions
 m - 2 potions of flight
 n - a potion of brilliance
 o - 4 potions of curing
 p - 5 potions of haste
 t - 2 potions of magic
 u - a potion of lignification
 z - a potion of invisibility
 A - 2 potions of agility
Comestibles
 f - 17 rations


   Skills:
 * Level 10.1 Fighting
 * Level 8.1(11.1) Long Blades
 * Level 10.0 Armour
 + Level 0.0 Dodging
 - Level 5.0 Stealth
 - Level 5.0 Shields
 - Level 5.0 Spellcasting
 + Level 3.9 Evocations


You had 20 spell levels left.
You didn't know any spells.
Your spell library contained the following spells:

 Spells                   Type           Power        Failure   Level  Hunger
 Beastly Appendage        Tmut           #.....       32%         1    None
 Shock                    Conj/Air       #...         32%         1    None
 Sticks to Snakes         Tmut           #.......     45%         2    ##.....
 Swiftness                Chrm/Air       #.......     45%         2    ##.....
 Spider Form              Tmut/Pois      #.........   69%         3    ###....
 Static Discharge         Conj/Air       #.......     69%         3    ###....
 Airstrike                Air            #.........   97%         4    ####...
 Ice Form                 Ice/Tmut       #.......     97%         4    ####...
 Blade Hands              Tmut           #.........   100%        5    ######.
 Lightning Bolt           Conj/Air       #.........   100%        5    ######.


Dungeon Overview and Level Annotations

Branches:
Dungeon (11/15)            Temple (1/1) D:6            Lair (0/6) D:9
Ossuary (visited)           IceCv (1/1)
    Orc: D:9-12

Altars:
Ashenzari
Cheibriados
Dithmenos
Elyvilon
Fedhas
Gozag
Hepliaklqana
Kikubaaqudgha
Makhleb
Nemelex Xobeh
Okawaru
Qazlal
Ru
Sif Muna
Trog
Uskayaw
Vehumet
Wu Jian
Xom
Yredelemnul
Zin
The Shining One

Shops:
D:8 :   D:9 (!   D:10 *


Innate Abilities, Weirdness & Mutations

You are resistant to torment.
Your stone body is resilient. (AC +8)
You are immune to poison.
You resist negative energy. (rN+)
You are resistant to electric shocks. (rElec)
You can survive without breathing.
You are immune to petrification.
You are immune to rotting.
You are partially covered in rugged brown scales. (AC +1, +3% HP)
You are clumsy. (Dex -2)


Message History

You hit the ice dragon but do no damage.
The ice dragon is lightly wounded.
The ice dragon bites you but does no damage.
The ice dragon claws you but does no damage.
The ice dragon barely misses you.
You closely miss the ice dragon.
The ice dragon is lightly wounded.
The ice dragon breathes frost at you. The blast of cold hits you!!
* * * LOW HITPOINT WARNING * * *
You slash the ice dragon!
The ice dragon is moderately wounded.
You barely miss the ice dragon.
The ice dragon is moderately wounded.
The ice dragon bites you but does no damage.
The ice dragon barely misses you. The ice dragon completely misses you.
You barely miss the ice dragon.
The ice dragon is moderately wounded.
The ice dragon completely misses you. The ice dragon claws you!
You die...

### ##..#* ##....##
##......## #........## ####
##.........# #### ##..##
#.........####..#####....##
##..........##.D@.##.......#
#..............#.......∩.∩.#
..............###..........#
.##.........### ##..##....##
###........## ######..## #
##........# #### #
#.......## ##.....## #.....#


You could see an ice dragon.

Vanquished Creatures
  Pikel (D:4)
  2 ice statues (IceCv)
  A rime drake (IceCv)
  A troll (D:10)
  3 hippogriffs
  A shadow (D:11)
  2 hungry ghosts
  2 wargs (D:10)
  4 orc warriors
  An eye of draining (D:9)
  22 ice beasts
  4 sky beasts
  5 phantoms
  4 slaves
  An ogre (D:9)
  3 centaurs
  A big kobold (D:6)
  Blork the orc (D:4)
  4 bullfrogs
  4 water moccasin zombies
  4 scorpions
  A wight (D:9)
  5 howler monkeys
  A crimson imp (D:4)
  4 jellies
  6 orc priests
  3 hounds
  2 centaur skeletons
  2 iguanas
  Ijyb (D:4)
  Jessica (D:2)
  A bullfrog skeleton (D:6)
  2 worker ants
  6 orc wizards
  3 hell rats (D:7)
  A hound zombie (D:11)
  A hound skeleton (D:7)
  2 mummies (Ossuary)
  Robin (D:4)
  A howler monkey skeleton (D:3)
  4 gnolls (D:5)
  10 adders
  4 river rats (D:7)
  A shadow imp (D:5)
  6 oozes
  2 adder skeletons (D:4)
  2 adder zombies (Ossuary)
  2 worms
  3 dart slugs
  5 leopard geckos
  42 orcs
  A ball python (D:7)
  5 giant cockroaches
  5 gnoll zombies
  13 goblins
  7 hobgoblins
  12 jackals
  13 kobolds
  2 quokkas
  3 bats
  2 frilled lizards
  10 hobgoblin zombies (Ossuary)
  A jackal skeleton (D:4)
  3 kobold zombies (Ossuary)
  2 leopard gecko skeletons (D:5)
  A leopard gecko zombie (D:5)
  8 orc zombies (Ossuary)
  2 quokka zombies (D:5)
  18 rats
304 creatures vanquished.

Vanquished Creatures (others)
  8 fungi (D:4)
8 creatures vanquished.

Grand Total: 312 creatures vanquished

Notes
Turn   | Place    | Note
-------+----------+-------------------------------------------
     0 | D:1      | Borgoz the Gargoyle Fighter began the quest for the Orb.
     0 | D:1      | Reached XP level 1. HP: 14/14 MP: 1/1
   180 | D:1      | Reached XP level 2. HP: 19/19 MP: 2/2
   737 | D:2      | Noticed Jessica
   751 | D:2      | Killed Jessica
   751 | D:2      | Reached XP level 3. HP: 18/24 MP: 2/4
   890 | D:2      | Reached skill level 1 in Stealth
   890 | D:2      | Reached XP level 4. HP: 27/29 MP: 5/5
   997 | D:2      | Reached skill level 1 in Spellcasting
  1367 | D:3      | Noticed a phantom
  1403 | D:3      | Gained mutation: You are clumsy. (Dex -2) [potion of
                  | mutation]
  1403 | D:3      | Gained mutation: You are partially covered in rugged brown
                  | scales. (AC +1, +3% HP) [potion of mutation]
  1408 | D:3      | Killed a phantom
  1408 | D:3      | Reached XP level 5. HP: 17/33 MP: 6/6
  1642 | D:2      | Reached XP level 6. HP: 22/40 MP: 8/8
  2084 | D:4      | Noticed Robin
  2140 | D:4      | Killed Robin
  2331 | D:4      | Found a shattered altar of Ashenzari.
  2339 | D:4      | Became a worshipper of Ashenzari the Shackled
  2359 | D:4      | Noticed Ijyb
  2359 | D:4      | Paralysed by Ijyb for 2 turns
  2371 | D:4      | Killed Ijyb
  2600 | D:3      | Found an opulent altar of Gozag.
  2600 | D:3      | Found a radiant altar of Vehumet.
  2605 | D:3      | Found a shadowy altar of Dithmenos.
  2607 | D:3      | Found a hide-covered altar of Uskayaw.
  2613 | D:3      | Found a faded altar of an unknown god.
  2754 | D:4      | Noticed a slave
  2754 | D:4      | Noticed a slave
  2755 | D:4      | Noticed a slave
  2755 | D:4      | Noticed Pikel
  2756 | D:4      | Noticed a slave
  2816 | D:3      | Killed a slave
  3002 | D:4      | Killed a slave
  3138 | D:3      | Killed a slave
  3212 | D:4      | Killed a slave
  3242 | D:4      | Killed Pikel
  3242 | D:4      | Reached skill level 5 in Fighting
  3242 | D:4      | Reached skill level 5 in Armour
  3242 | D:4      | Reached XP level 7. HP: 28/45 MP: 8/10
  3255 | D:4      | Noticed Blork the orc
  3261 | D:5      | Entered Level 5 of the Dungeon
  3411 | D:5      | Reached XP level 8. HP: 42/51 MP: 11/11
  3827 | D:5      | Reached skill level 5 in Shields
  3946 | D:4      | Killed Blork the orc
  4817 | D:6      | Found a sand-covered staircase.
  4828 | D:6      | Reached skill level 5 in Long Blades
  4828 | D:6      | Reached XP level 9. HP: 56/57 MP: 13/13
  4836 | Ossuary  | Entered an ossuary
  5432 | D:6      | Found a radiant altar of Vehumet.
  5500 | D:6      | Found a staircase to the Ecumenical Temple.
  5651 | D:6      | Reached * piety under Ashenzari
  5702 | D:6      | Reached skill level 1 in Evocations
  5742 | D:6      | Found a blossoming altar of Fedhas.
  5826 | D:6      | Found a white marble altar of Elyvilon.
  5967 | D:6      | Found a basalt altar of Yredelemnul.
  6160 | Temple   | Entered the Ecumenical Temple
  6382 | D:7      | Reached skill level 5 in Stealth
  6440 | D:7      | Found the +2 ratskin cloak {+Rats rPois rN+ Str-1 Int-1
                  | Dex+1}
  6742 | D:7      | Found an iron altar of Okawaru.
  6774 | D:7      | Found an ornate altar of the Wu Jian Council.
  7235 | D:8      | Reached XP level 10. HP: 46/65 MP: 16/16
  7415 | D:8      | Found a shimmering blue altar of Sif Muna.
  8124 | D:8      | Found Hagg's Book Shop.
  8344 | D:8      | Found a glowing golden altar of the Shining One.
  8504 | D:9      | Found Lupaz's Weapon Shop.
  8538 | D:9      | Found Fuloumil's Distillery.
  8628 | D:9      | Reached ** piety under Ashenzari
  8790 | D:9      | Found a staircase to the Lair.
  8804 | D:10     | Entered Level 10 of the Dungeon
  9150 | D:10     | Found Sunesuce's Lightly-Used Armoury.
  9469 | D:11     | Found a frozen archway.
  9504 | D:11     | Reached XP level 11. HP: 51/73 MP: 18/18
  9516 | D:11     | Reached skill level 5 in Spellcasting
  9627 | IceCv    | Entered an ice cave
 10691 | IceCv    | HP: 2/74 [ice statue] (14)]
 11022 | IceCv    | Reached skill level 10 in Fighting
 11022 | IceCv    | Reached skill level 10 in Armour
 11241 | IceCv    | Noticed an ice dragon
 11243 | IceCv    | Noticed an ice dragon
 11252 | IceCv    | HP: 3/74 [ice dragon (10)]
 11608 | IceCv    | HP: 3/111 [ice dragon/blast of cold (20)]
 11611 | IceCv    | Mangled by an ice dragon

Levels and vault maps discovered:
D:1:      nicolae_arrival_memento_mori, layout_loops_ring,
          chequers_serial_rivers_micro_c
D:2:      layout_loops_cross, first_ration, uniq_jessica
D:3:      layout_rooms, chequers_temple_overflow_minitemple
D:4:      layout_loops_ring, cheibrodos_ashenzari_chains, serial_aquarium,
          aquarium_bridge_square [aquarium_subvault_window,
          aquarium_subvault_bridge, aquarium_subvault_bridge,
          aquarium_subvault_bridge], aquarium_window_1, aquarium_window_2,
          aquarium_window_fake, aquarium_view_2g, aquarium_view_2f,
          serial_bayou_pond_c, hangedman_decor_growths,
          corexii_leaking_fountain, uniq_robin, uniq_blork_the_orc, uniq_ijyb,
          uniq_pikel
D:5:      layout_loops_ring, minmay_misc_feat_tiny
D:6:      layout_basic, marbit_many_paths, lemuel_zombie_altar_yredelemnul,
          lemuel_coloured_pillars_altar, lemuel_temple_firewalk_a, basic_altar,
          nicolae_ossuary_entry_monument
D:7:      wander_guarded_unrand_ratskin, layout_rooms, old_standard_altar,
          nicolae_overflow_crystal_walls
D:8:      layout_layer_cave, lemuel_doored_altar, kennysheep_little_box,
          serial_shops, shop, hangedman_little_slice_of_home
D:9:      minmay_the_grid_square_5x5_3x3
          [minmay_the_grid_square_5x5_spiral_small,
          minmay_the_grid_square_5x5_plus, minmay_the_grid_square_5x5_shuriken,
          minmay_the_grid_square_5x5_misaligned,
          minmay_the_grid_square_5x5_megaprize_hollow,
          minmay_the_grid_square_5x5_v, minmay_the_grid_square_5x5_gyroscope,
          minmay_the_grid_square_5x5_minimal,
          minmay_the_grid_square_5x5_inverted_slash], layout_gridville,
          erik_lair_orcish_takeover, serial_shops, nicolae_shop_window_shopping,
          shop, nicolae_shop_behind_doors, shop, minmay_misc_feat_columns
D:10:     wad_pebble_path, layout_irregular_city, minmay_shop_damaged,
          hangedman_abyss_or_decor_jellyfish_corner
D:11:     layout_basic, portal_ice_cave_entry_ice_beasts, uniq_snorg,
          uniq_psyche, uniq_maurice
Temple:   cyrus_temple_forest
IceCv:    ice_cave_small_dragons

Skill      XL: |  1  2  3  4  5  6  7  8  9 10 11 |
---------------+----------------------------------+-----
Long Blades    | 2 3 4 5 6 7 8 |  8.1
Stealth        | 1 3 4 5 |  5.0
Spellcasting   | 1 2 3 4 5 |  5.0
Fighting       | 4 5 6 8 9 10 | 10.1
Armour         | 4 5 6 8 9 10 | 10.0
Shields        | 4 5 |  5.0
Evocations     | 1 3 |  3.9

Action                   |  1- 3 |  4- 6 |  7- 9 | 10-12 || total
-------------------------+-------+-------+-------+-------++-------
Melee: Long sword        |    70 |   394 |   676 |   226 ||  1366
       Great sword       |       |       |       |   271 ||   271
 Abil: Evoke Berserk Rag |       |       |     1 |     5 ||     6
  Use: Potion            |       |     4 |     3 |     4 ||    11
       Scroll            |       |       |     8 |     6 ||    14
 Stab: Sleeping          |       |       |     4 |       ||     4
       Invisible         |       |       |       |     1 ||     1
  Eat: Chunk             |       |     8 |    16 |    23 ||    47
       Ration            |       |       |       |     3 ||     3
Armor: Scale mail        |    39 |   271 |   405 |   342 ||  1057
Dodge: Dodged            |    15 |   131 |   191 |   250 ||   587
Block: Shield            |    28 |   236 |   366 |   104 ||   734
       Rpst.: Long sword |     5 |    47 |    60 |    12 ||   124
       Great sword       |       |       |       |    65 ||    65

Table legend:
 A = Non-vault XP
 B = Vault XP
 C = Vault XP percentage of total XP
 D = Non-vault monster count
 E = Vault monster count
 F = Vault count percentage of total count
                 A         B        C        D         E       F
            +---------+---------+-------+---------+---------+-------
      Total |    6187 |    6806 |  52.4 |     190 |     110 |  36.7
            +---------+---------+-------+---------+---------+-------
        D:1 |      18 |       0 |   0.0 |      10 |       0 |   0.0
        D:2 |     121 |      37 |  23.4 |      24 |       1 |   4.0
        D:3 |     311 |       0 |   0.0 |      27 |       0 |   0.0
        D:4 |     105 |     773 |  88.0 |       6 |      11 |  64.7
        D:5 |    1006 |       0 |   0.0 |      35 |       0 |   0.0
        D:6 |    1252 |      58 |   4.4 |      37 |       3 |   7.5
        D:7 |     300 |     167 |  35.8 |       9 |      21 |  70.0
        D:8 |    1004 |     161 |  13.8 |      15 |       8 |  34.8
        D:9 |     236 |     674 |  74.1 |       5 |       7 |  58.3
       D:10 |    1401 |     366 |  20.7 |      18 |       3 |  14.3
       D:11 |     433 |    1044 |  70.7 |       4 |       8 |  66.7
    Ossuary |       0 |     316 | 100.0 |       0 |      31 | 100.0
      IceCv |       0 |    3210 | 100.0 |       0 |      17 | 100.0
            +---------+---------+-------+---------+---------+-------
